 Dungeon Crawl Stone Soup version 0.30-a0-4-ga7cffc901d (webtiles) character file.

Game seed: 244115777623040167

17971 frimble the Fighter (level 12, -2/100 HPs)
             Began as a Demonspawn Earth Elementalist on Aug 20, 2022.
             Hit by a large rock thrown by a cyclops (11 damage)
             ... on level 12 of the Dungeon.
             The game lasted 00:25:44 (18269 turns).

frimble the Fighter (DsEE)                         Turns: 18269, Time: 00:25:44

Health: -2/100     AC:  7    Str:  9    XL:     12   Next: 23%
Magic:  0/15       EV: 20    Int: 17    God:
Gold:   560        SH:  0    Dex: 28    Spells: 13/15 levels left

rFire   + . .      SeeInvis .    s - +2 dagger (venom)
rCold   + . .      Faith    .    (no shield)
rNeg    + . .      Spirit   +    d - +2 robe {rN+}
rPois   +          Reflect  .    e - +0 helmet
rElec   +          Harm     .    (no cloak)
rCorr   +          Rampage  .    m - +1 pair of gloves
Will    .....                    (boots unavailable)
Stlth   +++++.....               q - amulet of guardian spirit
HPRegen 0.26/turn                I - +6 ring of dexterity
MPRegen 0.28/turn                (no ring)

@: resistant, on blink cooldown
A: hooves 3, thin skeletal structure 1, magic shield, magic regeneration, magic
link, agile 1, MP-powered wands, sturdy frame 1
a: no special abilities


You were on level 12 of the Dungeon.
You visited 2 branches of the dungeon, and saw 13 of its levels.
You also visited: Bailey.

You collected 626 gold pieces.
You spent 66 gold pieces at shops.

Inventory:

Hand Weapons
 l - a +4 broad axe
 p - a +1 dagger of flaming
 s - a +2 dagger of venom (weapon)
 C - a +0 scimitar
Missiles
 B - 4 throwing nets
Armour
 d - a +2 robe of positive energy (worn)
 e - a +0 helmet (worn)
 m - a +1 pair of gloves (worn)
Jewellery
 i - a ring of ice
 q - an amulet of guardian spirit (around neck)
 F - a ring of protection from fire
 I - a +6 ring of dexterity (left hand)
Wands
 g - a wand of roots (11)
 A - a wand of digging (5)
 L - a wand of flame (5)
Scrolls
 k - 2 scrolls of blinking
 o - a scroll of magic mapping {unknown}
 r - 7 scrolls of vulnerability
 x - 2 scrolls of immolation
 y - a scroll of fog
 E - a scroll of identify
 G - a scroll of enchant weapon
 H - 2 scrolls of amnesia
Potions
 a - 2 potions of flight
 b - a potion of magic
 c - 2 potions of curing
 f - 2 potions of cancellation
 h - a potion of resistance
 j - 4 potions of lignification
 n - 5 potions of mutation
 t - 2 potions of brilliance
 u - 3 potions of heal wounds
 v - a potion of invisibility {unknown}
 z - 3 potions of might
 K - 2 potions of attraction
Miscellaneous
 D - a condenser vane
 J - a box of beasts (inert)


   Skills:
 - Level 11.6 Fighting
 - Level 10.0 Short Blades
 + Level 7.7 Dodging
 + Level 7.0 Stealth
 - Level 2.1 Spellcasting
 + Level 4.7 Translocations
 - Level 1.1 Transmutations
 - Level 2.8 Earth Magic
 + Level 4.6 Evocations


You had 13 spell levels left.
You knew the following spells:

 Your Spells              Type           Power      Damage    Failure   Level
b - Blink                 Tloc           34%        N/A       4%          2

Your spell library contained the following spells:

 Spells                   Type           Power      Damage    Failure   Level
 Sandblast                Erth           22%        2d7       6%          1
 Gell's Gravitas          Tloc           17%        N/A       9%          3
 Lesser Beckoning         Tloc           17%        N/A       9%          3
 Teleport Other           Tloc           17%        N/A       9%          3
 Passwall                 Tmut/Erth      6%         N/A       13%         2
 Magic Dart               Conj           4%         1d3       19%         1
 Searing Ray              Conj           2%         2d4       28%         2
 Static Discharge         Conj/Air       1%         3-4/arc   28%         2
 Stone Arrow              Conj/Erth      12%        3d7       32%         3
 Inner Flame              Hex/Fire       1%         N/A       50%         3
 Manifold Assault         Tloc           17%        N/A       58%         5
 Petrify                  Tmut/Erth      8%         N/A       63%         4
 Cause Fear               Hex            0%         N/A       88%         4
 Dispel Undead            Necr           1%         3d6       88%         4
 Fulminant Prism          Conj/Hex       0%         3d6       88%         4
 Sticky Flame             Conj/Fire      1%         2d3       88%         4
 Summon Lightning Spire   Summ/Air       1%         N/A       88%         4
 Dragon Form              Tmut           2%         N/A       100%        7
 Storm Form               Tmut/Air       1%         N/A       100%        7
 Discord                  Hex            0%         N/A       100%        8
 Maxwell's Capacitive Co  Air            0%         โˆž       100%        8
 Dragon's Call            Summ           0%         N/A       100%        9


Dungeon Overview and Level Annotations

Branches:
Dungeon (12/15)            Temple (1/1) D:4            Lair (0/5) D:8
    Orc (0/2) D:9          Bailey (visited)

Altars:
Ashenzari
Cheibriados
Dithmenos
Fedhas
Gozag
Hepliaklqana
Kikubaaqudgha
Makhleb
Nemelex Xobeh
Okawaru
Qazlal
Ru
Sif Muna
Trog
Uskayaw
Vehumet
Wu Jian
Xom
Yredelemnul

Shops:
D:3 *   D:8 *

Annotations:
D:9 1 transporter, slphil's ghost, novice GnWn


Innate Abilities, Weirdness & Mutations

You have hooves in place of feet.
You have a somewhat thin skeletal structure. (Dex +2, Stealth+)
When hurt, damage is shared between your health and your magic reserves.
You regenerate magic rapidly.
When low on magic, you restore magic in place of health.
You are agile. (Dex +4, Str/Int -1)
You expend magic power (3 MP) to strengthen your wands.
Your movements are slightly less encumbered by armour. (ER -2)


Message History

The centaur warrior simulacrum completely misses you.
You open the door.
The centaur warrior simulacrum hits you.
The centaur warrior simulacrum freezes you!!
* * * LOW HITPOINT WARNING * * *
The centaur warrior simulacrum barely misses you.
You hit the centaur warrior simulacrum.
Your kick misses the centaur warrior simulacrum.
The centaur warrior simulacrum is heavily damaged.
The centaur warrior simulacrum misses you.
The centaur warrior simulacrum kicks you but does no damage.
You feel protected.
The centaur warrior simulacrum closely misses you.
The centaur warrior simulacrum completely misses you.
The white imp completely misses you. The white imp attacks as you move away!
The white imp closely misses you.
There is an open door here.
You hit the centaur warrior simulacrum.
You kick the centaur warrior simulacrum.
The centaur warrior simulacrum is almost destroyed.
The centaur warrior simulacrum completely misses you.
The centaur warrior simulacrum kicks you.
* * * LOW HITPOINT WARNING * * *
The centaur warrior simulacrum freezes you!
You resist.
* * * LOW HITPOINT WARNING * * *
The centaur warrior simulacrum attacks as you move away!
The centaur warrior simulacrum barely misses you.
The centaur warrior simulacrum completely misses you.
You puncture the centaur warrior simulacrum!
The centaur warrior simulacrum vaporises!
Okay, then.
Casting: Blink (safe; 4% risk of failure)
Confirm with . or Enter, or press ? or * to list all spells.
You blink.
The slime creature is engulfed in freezing vapours.
A slime creature comes into view.
A yak comes into view.
The cyclops throws a large rock.
The large rock hits you!
You die...

########
#......# ###
#......#
+..##......#
#.ยงโ—‹.....@#
####J5J...#
#....<.#
#####C###
#.J...#
#...Y###.#
~~J~.~. .#
~~~J.~~ .
~~~~~โ‰ˆ~ ~$


You could see 3 slime creatures, a cyclops, a yak (wandering) and a white imp.

Vanquished Creatures
  An orc warlord (Bailey)
  Harold (D:9)
  An orc knight (Bailey)
  Maurice (D:8)
  A gargoyle (D:10)
  A kobold demonologist (D:10)
  Psyche (D:8)
  Prince Ribbit (D:9)
  A centaur simulacrum (D:12)
  A wraith (D:11)
  25 yaks
  4 wyverns
  3 vampire mosquitoes (D:8)
  2 acid dragons
  2 water moccasins
  7 orc warriors
  A sky beast (D:7)
  A black bear (D:6)
  A swamp drake (D:9)
  3 ogres
  3 centaurs
  4 kobold brigands
  5 bullfrogs
  A necrophage (D:4)
  A gnoll sergeant (D:7)
  3 scorpions
  3 wights (D:9)
  14 killer bees
  A howler monkey (D:6)
  4 jellies
  2 hounds
  5 orc priests
  3 gnoll boudas
  Jessica (D:2)
  4 iguanas
  12 orc wizards
  21 gnolls
  9 adders
  2 shadow imps (D:7)
  A white imp (D:7)
  An ufetubus (D:7)
  4 worms
  2 dart slugs
  54 orcs
  10 endoplasms
  A giant cockroach (D:4)
  13 goblins
  11 hobgoblins
  6 jackals
  50 kobolds
  5 quokkas
  7 ball pythons
  5 bats (D:1)
  A frilled lizard (D:3)
  3 rats
331 creatures vanquished.

Vanquished Creatures (others)
  69 plants (D:5)
69 creatures vanquished.

Grand Total: 400 creatures vanquished

Notes
Turn   | Place    | Note
-------+----------+-------------------------------------------
     0 | D:1      | frimble the Demonspawn Earth Elementalist began the quest
                  | for the Orb.
     0 | D:1      | Reached XP level 1. HP: 13/13 MP: 3/3
   267 | D:1      | Reached skill level 1 in Transmutations
   297 | D:1      | Gained mutation: You have a somewhat thin skeletal
                  | structure. (Dex +2, Stealth+) [demonic ancestry]
   297 | D:1      | Reached XP level 2. HP: 19/19 MP: 0/5
   718 | D:1      | Reached skill level 1 in Fighting
  1107 | D:1      | Gained mutation: You regenerate magic rapidly. [demonic
                  | ancestry]
  1107 | D:1      | Reached XP level 3. HP: 27/27 MP: 3/6
  1491 | D:2      | Reached skill level 2 in Fighting
  1491 | D:2      | Reached skill level 1 in Short Blades
  1507 | D:2      | Noticed Jessica
  1518 | D:2      | Killed Jessica
  1519 | D:2      | Reached XP level 4. HP: 25/34 MP: 4/7
  1680 | D:2      | You fall into a shaft and drop 2 floors!
  2309 | D:4      | Found a staircase to the Ecumenical Temple.
  2335 | Temple   | Entered the Ecumenical Temple
  2451 | D:4      | Reached skill level 3 in Fighting
  2451 | D:4      | Gained mutation: You have large cloven feet. [demonic
                  | ancestry]
  2451 | D:4      | Reached XP level 5. HP: 27/41 MP: 6/8
  3050 | D:3      | Found a hide-covered altar of Uskayaw.
  3329 | D:3      | Identified the +0 leather armour "Maucwedd" {rElec rC+ rN+}
  3336 | D:3      | Found Imisac's Assorted Antiques.
  3348 | D:3      | Bought a fuming green potion for 21 gold pieces
  3348 | D:3      | Bought a scroll labelled XAFEOS XELECS for 24 gold pieces
  3631 | D:3      | Found a faded altar of an unknown god.
  4172 | D:3      | Bought a silvery potion for 21 gold pieces
  4344 | D:4      | Reached skill level 4 in Fighting
  4344 | D:4      | Gained mutation: You have hoof-like feet. [demonic
                  | ancestry]
  4344 | D:4      | Reached XP level 6. HP: 34/47 MP: 5/9
  4741 | D:4      | Found a bloodstained altar of Trog.
  5081 | D:5      | Entered Level 5 of the Dungeon
  5108 | D:5      | Noticed a water moccasin
  5138 | D:5      | Killed a water moccasin
  5139 | D:5      | Reached skill level 5 in Fighting
  5139 | D:5      | Reached XP level 7. HP: 21/56 MP: 2/10
  5530 | D:5      | Learned a level 2 spell: Blink
  6565 | D:5      | Reached skill level 5 in Short Blades
  6921 | D:6      | Found a broken altar of Ashenzari.
  6990 | D:6      | Gained mutation: When hurt, damage is shared between your
                  | health and your magic reserves. [demonic ancestry]
  6990 | D:6      | Reached XP level 8. HP: 27/63 MP: 6/11
  6992 | D:6      | Identified the +0 pair of boots of Amorous Liberty {Fly
                  | rElec Str+4}
  7288 | D:7      | HP: 3/63 [white imp/puff of frost (5)]
  7297 | D:7      | Found a shadowy altar of Dithmenos.
  7297 | D:7      | Found a stormy altar of Qazlal.
  7302 | D:7      | Found a sacrificial altar of Ru.
  8102 | D:7      | Reached skill level 5 in Stealth
  8445 | D:7      | HP: 3/63 [orc priest/divine providence (12)]
  8447 | D:7      | Reached XP level 9. HP: 4/68 MP: 2/12
  8871 | D:7      | Reached skill level 5 in Dodging
  9056 | D:7      | Found a shimmering blue altar of Sif Muna.
  9173 | D:7      | Found an ancient bone altar of Kikubaaqudgha.
 10121 | D:8      | Noticed Maurice
 10122 | D:8      | Found Loimey's Neck Hole.
 10143 | D:8      | Paralysed by something for 3 turns
 10159 | D:8      | Killed Maurice
 10164 | D:8      | Found a flagged portal.
 10213 | D:8      | Gained mutation: You are agile. (Dex +4, Str/Int -1)
                  | [potion of mutation]
 10213 | D:8      | Gained mutation: Your movements are slightly less
                  | encumbered by armour. (ER -2) [potion of mutation]
 10213 | D:8      | Gained mutation: You expend magic power (3 MP) to
                  | strengthen your wands. [potion of mutation]
 10220 | D:8      | HP: 2/102 [vampire mosquito (5)]
 10228 | D:8      | Reached skill level 6 in Fighting
 10275 | Bailey   | Entered a bailey
 10377 | Bailey   | Noticed an orc warlord
 10664 | Bailey   | Reached skill level 1 in Translocations
 10909 | Bailey   | Found a runed translucent gate.
 10912 | Bailey   | Found a runed translucent gate.
 10914 | Bailey   | Found a runed translucent gate.
 10921 | Bailey   | Noticed an orc knight
 11008 | Bailey   | Killed an orc knight
 11009 | Bailey   | Gained mutation: When low on magic, you restore magic in
                  | place of health. [demonic ancestry]
 11009 | Bailey   | Reached XP level 10. HP: 21/77 MP: 8/13
 11413 | Bailey   | Killed an orc warlord
 11450 | Bailey   | Reached skill level 11 in Fighting
 11450 | Bailey   | Gained mutation: You have hooves in place of feet. [demonic
                  | ancestry]
 11450 | Bailey   | Reached XP level 11. HP: 94/94 MP: 14/14
 11706 | D:8      | Found a staircase to the Lair.
 11769 | D:8      | Found an opulent altar of Gozag.
 11948 | D:8      | Noticed Psyche
 11955 | D:8      | Killed Psyche
 12803 | D:9      | Noticed a catoblepas
 12813 | D:9      | Found a transporter.
 12814 | D:9      | Noticed slphil's ghost (novice GnWn)
 12827 | D:9      | Noticed Prince Ribbit
 12845 | D:9      | Killed Prince Ribbit
 13005 | D:9      | Found a transporter.
 13056 | D:9      | Reached skill level 10 in Short Blades
 13329 | D:9      | Reached skill level 1 in Evocations
 13448 | D:9      | Noticed Harold
 13474 | D:9      | Killed Harold
 13789 | D:9      | Found a hazy altar of Hepliaklqana.
 14443 | D:9      | Found a staircase to the Orcish Mines.
 14691 | D:10     | Entered Level 10 of the Dungeon
 15759 | D:10     | Noticed a sixfirhy
 16102 | D:10     | Found a snail-covered altar of Cheibriados.
 16195 | D:10     | Reached XP level 12. HP: 62/100 MP: 15/15
 18269 | D:12     | Hit by a large rock thrown by a cyclops

Illustrated notes

Levels and vault maps discovered:
D:1:      lightli_arrival_noodles, layout_loops_ring,
          chequers_serial_rivers_marsh, minmay_hedge_maze
D:2:      layout_basic, uniq_jessica
D:3:      layout_loops_ring, overflow_temple_1_default, serial_shops,
          nicolae_shop_crystal, dreamdust_ecumenical_altar_sealed_demon
D:4:      layout_loops_ring, trog_butcher_becter,
          nicolae_tso_swordbearing_angel, minmay_temple_entry_waves
D:5:      kennysheep_kobold_camp, layout_basic
D:6:      layout_rooms, evilmike_ruin_ashenzari
D:7:      layout_cave_pools, mainiacjoe_overflow_alcove_4, minitemple,
          kennysheep_mini_moat, serial_glass, glass_columns_a, glass_columns_b,
          corexii_item_surrounded_by_moat
D:8:      layout_basic, pdpol_temple_overflow_zin_treasury_gozag_greed,
          enter_bailey_3, nicolae_shop_sticking_my_neck_out, uniq_psyche,
          uniq_maurice
D:9:      layout_roguey, mainiacjoe_overflow_tiny_flanked, erik_orc_1,
          gammafunk_ghost_berserking_beasts, uniq_harold, uniq_prince_ribbit1
D:10:     layout_cave_pools, lemuel_crystal_altar, grunt_ministairs_1
D:11:     layout_stronghold, eino_curves_01, hangedman_tell_no_tales
D:12:     layout_roguey, serial_ice, serial_ice_j, serial_ice_g, serial_ice_n,
          serial_ice_b, tgw_lugonu_bribe, uniq_nergalle, uniq_snorg,
          uniq_josephine
Temple:   kb_temple_of_zot

Skill      XL: |  1  2  3  4  5  6  7  8  9 10 11 12 |
---------------+-------------------------------------+-----
Transmutations | 1 |  1.1
Stealth        | 2 3 5 6 7 |  7.0
Fighting       | 1 2 3 4 5 6 11 | 11.6
Short Blades   | 1 2 3 4 5 6 8 9 10 | 10.0
Dodging        | 2 4 6 7 |  7.7
Translocations | 2 3 4 |  4.7
Evocations     | 3 4 |  4.6
Spellcasting   | |  2.1
Earth Magic    | |  2.8

Action                   |  1- 3 |  4- 6 |  7- 9 | 10-12 || total
-------------------------+-------+-------+-------+-------++-------
Melee: Unarmed           |     4 |       |       |       ||     4
       Dagger            |    32 |   236 |   626 |   532 ||  1426
       Punch             |       |     5 |     8 |     5 ||    18
       Kick              |       |    59 |    57 |   252 ||   368
 Cast: Sandblast         |    38 |    28 |     8 |       ||    74
       Blink             |       |       |     7 |    11 ||    18
Evoke: Wand              |       |       |     1 |     5 ||     6
       Box of beasts     |       |       |       |     1 ||     1
  Use: Scroll            |     1 |     8 |     7 |     2 ||    18
       Potion            |       |     5 |    15 |     3 ||    23
 Stab: Sleeping          |     1 |    10 |     5 |    12 ||    28
       Paralysed         |       |       |       |     2 ||     2
       Distracted        |       |       |       |     1 ||     1
       Confused          |       |       |       |     1 ||     1
Armor: Robe              |    24 |    65 |   156 |    47 ||   292
       Skin              |       |       |    39 |       ||    39
Dodge: Dodged            |    38 |   120 |   407 |   302 ||   867

Table legend: (Time is in decaauts)
 A = Elapsed time spent in this place.
 B = Non-inter-level travel time spent in this place.
 C = Inter-level travel time spent in this place.
 D = Time resting spent in this place.
 E = Time spent auto-exploring this place.
 F = Levels seen in this place.
 G = Mean time per level.
                   A        B        C        D        E       F      G
               +--------+--------+--------+--------+--------+-----+--------+
         Total |  17841 |  17093 |    748 |   1389 |  12663 |  14 | 1274.4 |
       Dungeon |  16590 |  15852 |    738 |   1073 |  12133 |  12 | 1382.5 |
        Temple |     97 |     88 |      9 |      0 |     83 |   1 |   97.0 |
        Bailey |   1153 |   1153 |      0 |    316 |    447 |   1 | 1153.0 |
               +--------+--------+--------+--------+--------+-----+--------+

Top non-repeatable levels by time:
     D:9: 2938 daAuts
     D:7: 2006 daAuts
     D:5: 1834 daAuts
     D:4: 1789 daAuts
     D:1: 1356 daAuts
     D:6: 1205 daAuts
    D:10: 1199 daAuts
  Bailey: 1153 daAuts
     D:8: 1123 daAuts
     D:3: 1108 daAuts
    D:11: 1045 daAuts
     D:2: 756 daAuts
    D:12: 225 daAuts
  Temple: 97 daAuts
